 Dungeon Crawl Stone Soup version 0.27-a0-385-g3208abaabc (webtiles) character file.

Game seed: 8168430682627111242

359 jestyr24 the Shield-Bearer (level 6, -1/53 HPs)
             Began as a Minotaur Fighter on Feb 20, 2021.
             Slain by an iguana (8 damage)
             ... on level 5 of the Dungeon.
             The game lasted 00:09:27 (3035 turns).

jestyr24 the Shield-Bearer (Minotaur Fighter)       Turns: 3035, Time: 00:09:28

Health: -1/53      AC:  7    Str: 23    XL:     6   Next: 37%
Magic:  5/5        EV: 12    Int:  5    God:
Gold:   252        SH: 10    Dex:  9    Spells: 5/5 levels left

rFire    . . .     SeeInvis .   a - +0 war axe
rCold    . . .     Faith    .   c - +0 kite shield
rNeg     . . .     Spirit   .   b - +0 scale mail
rPois    +         Reflect  .   (helmet restricted)
rElec    .         Harm     .   (no cloak)
rCorr    .         Rampage  .   (no gloves)
Will     .....                  (no boots)
Stlth    ..........             (no amulet)
HPRegen  0.17/turn              h - ring of poison resistance
MPRegen  0.09/turn              t - +4 ring of evasion

@: no status effects
A: retaliatory headbutt, horns 2
a: no special abilities


You were on level 5 of the Dungeon.
You visited 1 branch of the dungeon, and saw 5 of its levels.

You collected 252 gold pieces.

Inventory:

Hand Weapons
 a - a +0 war axe (weapon)
 l - a +0 whip of venom
 u - a +0 falchion of holy wrath
Armour
 b - a +0 scale mail (worn)
 c - a +0 kite shield (worn)
Jewellery
 h - a ring of poison resistance (left hand)
 t - a +4 ring of evasion (right hand)
Wands
 s - a wand of digging (2)
 v - a wand of acid (5)
Scrolls
 g - 3 scrolls of fog {unknown}
 m - 2 scrolls of identify {unknown}
 n - 2 scrolls of enchant armour {unknown}
 o - 2 scrolls of teleportation {unknown}
 q - 2 scrolls of fear {unknown}
 x - a scroll of magic mapping {unknown}
Potions
 d - a potion of might
 e - a potion of heal wounds {unknown}
 f - a potion of experience {unknown}
 i - 2 potions of magic {unknown}
 j - 2 potions of degeneration {unknown}
 k - a potion of haste {unknown}
 p - 2 potions of resistance {unknown}
 r - a potion of curing {unknown}
 w - a potion of ambrosia {unknown}
 z - a potion of attraction {unknown}


   Skills:
 + Level 4.6 Fighting
 + Level 5.3 Axes
 + Level 4.6 Armour
 + Level 0.9 Dodging
 + Level 0.2 Stealth
 + Level 5.6 Shields


You had 5 spell levels left.
You didn't know any spells.
Your spell library contained the following spells:

 Spells                   Type           Power        Failure   Level
 Magic Dart               Conj           0%           99%         1
 Passwall                 Tmut/Erth      0%           100%        2
 Searing Ray              Conj           0%           100%        2
 Swiftness                Air            0%           100%        2
 Dazzling Flash           Conj/Hex       0%           100%        3
 Fulminant Prism          Conj/Hex       0%           100%        4
 Iskenderun's Mystic Bla  Conj/Tloc      0%           100%        4
 Passage of Golubria      Tloc           N/A          100%        4
 Lee's Rapid Deconstruct  Erth           0%           100%        5
 Invisibility             Hex            0%           100%        6


Dungeon Overview and Level Annotations

Branches:
Dungeon (5/15)
 Temple: D:4-7

Altars:
Qazlal
Yredelemnul

Shops:
D:4 (


Innate Abilities, Weirdness & Mutations

You reflexively headbutt those who attack you in melee.
You have a pair of horns on your head.


Message History

You feel sick.
You feel sick.
You feel sick.
You feel sick.
You feel sick.
You are no longer poisoned. 2 gnolls come into view.
The gnoll shouts!
A gnoll comes into view. It is wielding a +0 spear.
You hit the gnoll. You headbutt the gnoll!
The gnoll is heavily wounded.
You block the gnoll's attack. The gnoll hits you but does no damage.
You hit the gnoll.
The gnoll is almost dead.
The gnoll barely misses you. You furiously retaliate!
You headbutt the gnoll.
You kill the gnoll!
The gnoll barely misses you. The iguana bites you! The gnoll barely misses you.
Things that are here:
a scroll labelled ULUMUN VIUS; a gnoll corpse You hit the iguana but do no damage.
You hit the gnoll. The iguana bites you!
* * * LOW HITPOINT WARNING * * *
The gnoll hits you from afar with a +0 spear.
* * * LOW HITPOINT WARNING * * *
The gnoll barely misses you. You furiously retaliate!
You headbutt the gnoll, but do no damage.
You block the iguana's attack.
You hit the iguana.
The iguana is lightly wounded.
You completely miss the gnoll. The gnoll barely misses you.
The iguana closely misses you. You block the gnoll's attack.
The gnoll closely misses you.
You slash the iguana!
The iguana is almost dead.
You completely miss the gnoll. You block the iguana's attack.
The gnoll closely misses you.
The gnoll hits you from afar with a +0 spear.
* * * LOW HITPOINT WARNING * * *
The iguana bites you!
You die...

#.###.#.#
..##.# #...#
#.##.###.#.#
#.##.....#>#
#g####<###.#
#g# #.# #.# #.#
##.# #..
#g###..# ##.
#..@l#†# .
####g.## #..#
##..#
#######...#
#.l.......#
#.#####...#
#.### ###.#
#...###########


You could see an iguana and 2 gnolls.

Vanquished Creatures
  A scorpion (D:5)
  An iguana (D:4)
  Terence (D:3)
  2 worker ants
  A hound skeleton (D:5)
  A howler monkey zombie (D:5)
  A gnoll (D:5)
  7 adders
  2 oozes (D:1)
  4 worms
  6 dart slugs
  2 leopard geckos (D:2)
  An orc (D:3)
  5 ball pythons (D:2)
  5 giant cockroaches
  5 goblins
  12 hobgoblins
  7 jackals
  5 kobolds
  5 bats
  5 frilled lizards
  A leopard gecko skeleton (D:4)
  A quokka skeleton (D:4)
  6 rats
87 creatures vanquished.

Vanquished Creatures (others)
  2 plants (D:2)
2 creatures vanquished.

Grand Total: 89 creatures vanquished

Notes
Turn   | Place    | Note
-------+----------+-------------------------------------------
     0 | D:1      | jestyr24 the Minotaur Fighter began the quest for the Orb.
     0 | D:1      | Reached XP level 1. HP: 19/19 MP: 0/0
   147 | D:1      | Reached XP level 2. HP: 27/27 MP: 1/1
   393 | D:1      | Reached XP level 3. HP: 33/33 MP: 2/2
  1219 | D:2      | Reached XP level 4. HP: 40/40 MP: 3/3
  1575 | D:2      | Found a faded altar of an unknown god.
  2037 | D:3      | Noticed an earth elemental
  2039 | D:3      | Found a stormy altar of Qazlal.
  2040 | D:3      | Noticed a water elemental
  2040 | D:3      | Noticed an air elemental
  2040 | D:3      | Noticed a fire elemental
  2079 | D:3      | Noticed Terence
  2085 | D:3      | Killed Terence
  2086 | D:3      | Reached skill level 5 in Shields
  2086 | D:3      | Reached XP level 5. HP: 46/46 MP: 4/4
  2579 | D:4      | Found Ziofariwo's Weapon Shop.
  2582 | D:4      | You fall into a shaft and drop 1 floor!
  2582 | D:5      | Entered Level 5 of the Dungeon
  2714 | D:4      | Found a basalt altar of Yredelemnul.
  2866 | D:5      | Reached skill level 5 in Axes
  2866 | D:5      | Reached XP level 6. HP: 49/53 MP: 5/5
  3035 | D:5      | Slain by an iguana

Illustrated notes

Levels and vault maps discovered:
D:1:      psy_arrival_whirlpool, layout_rooms, minivault_24,
          minmay_split_cup_large
D:2:      layout_basic, chequers_ecumenical_altar_twisty,
          minmay_shallow_snake_nest
D:3:      layout_basic, nicolae_qazlal_style_of_elements, uniq_terence
D:4:      layout_rooms, kennysheep_little_box, serial_shops, shop
D:5:      cheibrodos_quashed, layout_loops_ring, hangedman_minor_gate_pass

Skill      XL: |  1  2  3  4  5 |
---------------+----------------+-----
Shields        | 4 5 |  5.6
Fighting       | 4 |  4.6
Armour         | 4 |  4.6
Axes           | 3 4 5 |  5.3
Dodging        | |  0.9
Stealth        | |  0.2

Action                   |  1- 3 |  4- 6 || total
-------------------------+-------+-------++-------
Melee: War axe           |    84 |   107 ||   191
       Headbutt          |    12 |    20 ||    32
Armor: Scale mail        |    39 |    30 ||    69
Dodge: Dodged            |    26 |    42 ||    68
Block: Kite shield       |    46 |    71 ||   117

Table legend: (Time is in decaauts)
 A = Elapsed time spent in this place.
 B = Non-inter-level travel time spent in this place.
 C = Inter-level travel time spent in this place.
 D = Time resting spent in this place.
 E = Time spent auto-exploring this place.
 F = Levels seen in this place.
 G = Mean time per level.
                   A        B        C        D        E       F      G
               +--------+--------+--------+--------+--------+-----+--------+
         Total |   3135 |   3079 |     56 |    209 |   1765 |   5 |  627.0 |
       Dungeon |   3135 |   3079 |     56 |    209 |   1765 |   5 |  627.0 |
               +--------+--------+--------+--------+--------+-----+--------+

Top non-repeatable levels by time:
     D:2: 1143 daAuts
     D:1: 848 daAuts
     D:4: 506 daAuts
     D:3: 383 daAuts
     D:5: 253 daAuts
